[Event "Titled Tuesday Blitz August 1 Early 2023"]
[White "Sipila, Vilka"]
[Black "Cherniaiev, Tykhon"]
[WhiteFideId "505455"]
[BlackFideId "14182360"]
[WhiteElo "2642"]
[BlackElo "2758"]
[Result "0-1"]
[Round "9"]
[TimeControl "180+1"]
[Date "2023.08.01"]
[WhiteClock "0:00:00"]
[BlackClock "0:00:05"]
[Board "34"]

1. e4 e5 2. Nf3 Nc6 3. Bb5 Nge7 4. Nc3 a6 5. Ba4 Ng6 6. h4 h5 7. Nd5 d6 8. d3 Bg4 9. Bg5 f6 10. Be3 Qd7 11. Qd2 Be7 12. Bb3 Nf8 13. Nh2 Be6 14. f4 exf4 15. Bxf4 Nd4 16. O-O-O Nxb3+ 17. axb3 Bxd5 18. exd5 Ng6 19. Nf3 Qf5 20. Bg3 Qxd5 21. Rhe1 O-O-O 22. c4 Qf7 23. Nd4 f5 24. Ne6 Rde8 25. d4 Bxh4 26. Bxh4 Rxe6 27. Rxe6 Qxe6 28. Re1 Qf7 29. Bg5 Re8 30. Rh1 f4 31. Rxh5 Qf5 32. Qd1 Qa5 33. Kc2 Qf5+ 34. Kc1 Kb8 35. Bh6 Qf7 36. Bg5 Qf5 37. Bh4 Qe4 38. Qf3 Qxf3 39. gxf3 Re3 40. Bd8 Rxf3 41. Rg5 Rg3 42. Rf5 f3 43. Rf7 Kc8 44. Bxc7 f2 45. Rxf2 Kxc7 46. Rf7+ Kc8 47. Kc2 Rg4 48. Kc3 Nf4 49. Kb4 Nd3+ 50. Ka5 Nxb2 51. Kb6 Rxd4 52. Rxg7 Nd3 53. Rc7+ Kd8 54. Rxb7 Nc5 55. Ra7 Nxb3 56. Rxa6 Kd7 57. Ra7+ Ke6 58. Rc7 Nc5 59. Rc8 Rxc4 60. Kb5 Rc1 61. Rh8 Kd5 62. Rh5+ Kd4 63. Rh4+ Ne4 64. Rh2 d5 65. Kb4 Rb1+ 66. Ka3 Kc4 67. Rc2+ Kd3 68. Rh2 d4 69. Rh3+ Kc4 70. Rh8 d3 71. Rc8+ Nc5 72. Rd8 Kc3 73. Ka2 Rb2+ 74. Ka3 Rb5 75. Ka2 d2 0-1


[Site "https://www.chess.com"]

[Event "Titled Tuesday Blitz August 1 Early 2023"]
[White "Fantastic_Power"]
[Black "Lana Rodriguez, David"]
[BlackFideId "2270803"]
[WhiteElo "2744"]
[BlackElo "2610"]
[Result "1-0"]
[Round "9"]
[TimeControl "180+1"]
[Date "2023.08.01"]
[WhiteClock "0:00:29"]
[BlackClock "0:00:32"]
[Board "35"]

1. e4 e6 2. d4 b6 3. Nf3 Bb7 4. Bd3 Nf6 5. e5 Nd5 6. O-O d6 7. Be4 Qc8 8. c4 Ne7 9. Nc3 Bxe4 10. Nxe4 Ng6 11. Re1 Be7 12. Bg5 Qd7 13. d5 dxe5 14. h4 Bxg5 15. Nexg5 O-O 16. h5 Nf4 17. Nxe5 Qe7 18. Qg4 Qf6 19. Re4 h6 20. Ngf3 g5 21. hxg6 Nxg6 22. dxe6 Kh7 23. exf7 Nxe5 24. Nxe5 Nc6 25. Nxc6 Qxc6 26. Re6 1-0


[Site "https://www.chess.com"]

[Event "Titled Tuesday Blitz August 1 Early 2023"]
[White "Javakhadze, Zurab"]
[Black "Estrada Nieto, Julian"]
[WhiteFideId "13603647"]
[BlackFideId "5101018"]
[WhiteElo "2735"]
[BlackElo "2533"]
[Result "1-0"]
[Round "9"]
[TimeControl "180+1"]
[Date "2023.08.01"]
[WhiteClock "0:00:02"]
[BlackClock "0:00:09"]
[Board "36"]

1. Nf3 d5 2. g3 Nf6 3. Bg2 c6 4. O-O Bg4 5. d3 Nbd7 6. Nbd2 e6 7. h3 Bh5 8. b3 Bc5 9. Bb2 O-O 10. e3 a5 11. a3 Re8 12. g4 Bg6 13. Nh4 e5 14. Nxg6 hxg6 15. Qe2 Qe7 16. g5 Nh5 17. Qg4 Qe6 18. Rae1 Kh7 19. Nf3 e4 20. dxe4 dxe4 21. Nd4 Bxd4 22. Bxd4 f5 23. gxf6 Nhxf6 24. Qxe6 Rxe6 25. f3 exf3 26. Bxf3 Rae8 27. Re2 Ne4 28. Bg4 R6e7 29. Rf4 c5 30. Bb2 Ng3 31. Rg2 Nh5 32. Bxh5 gxh5 33. Rf5 g6 34. Rfg5 Re6 35. Rd2 Ne5 36. Bxe5 Rxe5 37. Rd7+ Kh6 38. Rxe5 Rxe5 39. Kf2 b5 40. Ra7 Rd5 41. Rxa5 Rd2+ 42. Kf3 Rxc2 43. Rxb5 c4 44. b4 Ra2 45. Rc5 Rxa3 46. Rxc4 Rb3 47. h4 Kg7 48. Kf4 Kf6 49. Rc6+ Kg7 50. Rb6 Rb1 51. e4 Rf1+ 52. Ke5 Kh6 53. Rb8 Rh1 54. Kf6 Rh2 55. Rh8# 1-0


[Site "https://www.chess.com"]

[Event "Titled Tuesday Blitz August 1 Early 2023"]
[White "Jahnz, Fabian"]
[Black "Skvortsov, Andrei"]
[WhiteFideId "4653300"]
[BlackFideId "24108600"]
[WhiteElo "2388"]
[BlackElo "2732"]
[Result "0-1"]
[Round "9"]
[TimeControl "180+1"]
[Date "2023.08.01"]
[WhiteClock "0:00:31"]
[BlackClock "0:02:01"]
[Board "37"]

1. e4 d5 2. exd5 Qxd5 3. Nc3 Qe5+ 4. Be2 Bg4 5. d4 Bxe2 6. Ngxe2 Qa5 7. O-O Nf6 8. Bd2 Nc6 9. h3 O-O-O 10. a3 Nxd4 11. b4 Qe5 12. Nxd4 Qxd4 13. Be1 Qf4 14. Qe2 e6 15. g3 Qf5 16. Nb5 a6 17. a4 Qxh3 18. Nc3 Bxb4 19. Rb1 Ng4 20. f3 Bc5+ 21. Bf2 Qxg3+ 0-1


[Site "https://www.chess.com"]

[Event "Titled Tuesday Blitz August 1 Early 2023"]
[White "Ashraf, Artin"]
[Black "Tikhonov, Viacheslav"]
[WhiteFideId "22514805"]
[BlackFideId "44196407"]
[WhiteElo "2842"]
[BlackElo "2526"]
[Result "1-0"]
[Round "9"]
[TimeControl "180+1"]
[Date "2023.08.01"]
[WhiteClock "0:00:17"]
[BlackClock "0:00:01"]
[Board "38"]

1. e4 c5 2. Nf3 g6 3. g3 Bg7 4. Bg2 Nc6 5. O-O e5 6. Nc3 Nge7 7. d3 O-O 8. Nd2 d6 9. Nc4 Be6 10. Ne3 Qd7 11. Ned5 f5 12. Bg5 h6 13. Bxe7 Nxe7 14. Nxe7+ Qxe7 15. exf5 gxf5 16. f4 Kh7 17. Bd5 Qf7 18. Qf3 Rab8 19. Rae1 b5 20. Bxe6 Qxe6 21. Nd5 c4 22. dxc4 bxc4 23. b4 cxb3 24. axb3 e4 25. Qd1 Rfc8 26. c4 a5 27. g4 Rf8 28. h3 a4 29. bxa4 Rb2 30. Re2 Rfb8 31. a5 fxg4 32. Rxb2 Rxb2 33. Qxg4 Qxg4+ 34. hxg4 Bd4+ 35. Kh1 Ra2 36. Re1 e3 37. Nxe3 Bxe3 38. Rxe3 Rxa5 39. Re7+ Kg8 40. Re6 Rc5 41. Rxh6 Rxc4 42. Rf6 Kg7 43. g5 Rd4 44. Kg2 Rd3 45. f5 Rd5 46. Kf3 Ra5 47. Kg4 d5 48. Rd6 Ra1 49. Rd7+ Kf8 50. f6 Rg1+ 51. Kf5 Rf1+ 52. Kg6 Ke8 53. Rxd5 Kf8 54. Rd8# 1-0


[Site "https://www.chess.com"]

[Event "Titled Tuesday Blitz August 1 Early 2023"]
[White "Sychev, Klementy"]
[Black "Perdomo, Carlos Andres"]
[WhiteFideId "4114060"]
[BlackFideId "4400852"]
[WhiteElo "2795"]
[BlackElo "2615"]
[Result "0-1"]
[Round "9"]
[TimeControl "180+1"]
[Date "2023.08.01"]
[WhiteClock "0:00:00"]
[BlackClock "0:00:22"]
[Board "39"]

1. e4 c5 2. Nf3 e6 3. d4 cxd4 4. Nxd4 Nc6 5. Nc3 a6 6. Bf4 Qb6 7. Nb3 Nf6 8. e5 Qb4 9. Qd2 Ne4 10. Nxe4 Qxe4+ 11. Be2 Nxe5 12. f3 Qf5 13. Nd4 Qf6 14. Bg5 Qg6 15. f4 Nc6 16. f5 exf5 17. Nxc6 bxc6 18. Bh5 Qe6+ 19. Kd1 Bd6 20. Re1 Be5 21. c3 O-O 22. Kc2 d6 23. Bf3 Bd7 24. Rad1 Rab8 25. Kb1 Rb7 26. Ka1 f6 27. Be3 Rfb8 28. Rb1 Qc4 29. Rec1 Be6 0-1


[Site "https://www.chess.com"]

[Event "Titled Tuesday Blitz August 1 Early 2023"]
[White "Ovchinnikov, Vsevolod"]
[Black "Wagh Suyog"]
[WhiteFideId "24176842"]
[BlackFideId "25071688"]
[WhiteElo "2613"]
[BlackElo "2771"]
[Result "1-0"]
[Round "9"]
[TimeControl "180+1"]
[Date "2023.08.01"]
[WhiteClock "0:00:01"]
[BlackClock "0:00:00"]
[Board "40"]

1. d4 Nf6 2. c4 e6 3. g3 c5 4. d5 exd5 5. cxd5 d6 6. Nc3 g6 7. Bg2 Bg7 8. Nf3 O-O 9. O-O Re8 10. Nd2 a6 11. a4 Nbd7 12. h3 Nh5 13. a5 Rb8 14. Kh2 f5 15. Nc4 Ne5 16. Nb6 Bd7 17. e4 Nf7 18. Nxd7 Qxd7 19. exf5 b5 20. axb6 Rxb6 21. fxg6 hxg6 22. Ra2 Bd4 23. Ne2 Bh8 24. g4 Nf6 25. Nf4 Ne5 26. Ne6 Rxe6 27. dxe6 Qxe6 28. Ra3 Kh7 29. Kh1 d5 30. Re3 Qd6 31. f4 Nc4 32. Re2 d4 33. f5 gxf5 34. Rxf5 d3 35. Ref2 d2 36. Bxd2 Rxb2 37. Qc1 Qd3 38. Bf1 Qe4+ 39. Bg2 Qd3 40. R5f3 Qc2 41. Qxc2+ Rxc2 42. Bf4 Rxf2 43. Rxf2 a5 44. Bf1 Nb6 45. Rb2 Nfd5 46. Rb5 Bd4 47. Bd2 a4 48. Bd3+ Kg7 49. Be4 a3 50. Ra5 c4 51. Bxd5 1-0


[Site "https://www.chess.com"]

[Event "Titled Tuesday Blitz August 1 Early 2023"]
[White "Burmakin, Vladimir"]
[Black "Kushko, Dmitriy"]
[WhiteFideId "4105109"]
[BlackFideId "14162261"]
[WhiteElo "2611"]
[BlackElo "2764"]
[Result "0-1"]
[Round "9"]
[TimeControl "180+1"]
[Date "2023.08.01"]
[WhiteClock "0:00:00"]
[BlackClock "0:00:10"]
[Board "41"]

1. c4 g6 2. g3 Bg7 3. Bg2 Nf6 4. Nc3 O-O 5. d4 d6 6. e4 c5 7. d5 e6 8. Nge2 exd5 9. cxd5 Re8 10. a4 Na6 11. O-O Nb4 12. h3 b6 13. Re1 Ba6 14. Nf4 Nd7 15. Nb5 Ne5 16. Bd2 Nbd3 17. Re2 Nxb2 18. Qc2 Nbd3 19. Bc3 Bxb5 20. axb5 c4 21. Re3 Qd7 22. Rb1 a5 23. bxa6 Rxa6 24. Bf1 Rc8 25. Qd2 Nc5 26. Bxe5 dxe5 27. Ne2 b5 28. Qb4 Rb6 29. Nc3 Bf8 30. Qa5 Rcb8 31. Nd1 Nb3 32. Qc3 Nd4 33. Qb2 Qc7 34. Ra1 b4 35. Rc1 c3 36. Nxc3 bxc3 37. Qxc3 Qxc3 38. Rexc3 Bd6 39. Kg2 Kg7 40. Rc8 Rxc8 41. Rxc8 h5 42. Bc4 Kf6 0-1


[Site "https://www.chess.com"]

[Event "Titled Tuesday Blitz August 1 Early 2023"]
[White "Piesik, Piotr"]
[Black "Gorovets, Andrey"]
[WhiteFideId "1136194"]
[BlackFideId "13504037"]
[WhiteElo "2608"]
[BlackElo "2752"]
[Result "0-1"]
[Round "9"]
[TimeControl "180+1"]
[Date "2023.08.01"]
[WhiteClock "0:00:04"]
[BlackClock "0:00:18"]
[Board "42"]

1. Nf3 c5 2. g3 g6 3. Bg2 Bg7 4. O-O Nc6 5. c3 e5 6. e4 Nge7 7. Na3 O-O 8. d4 exd4 9. cxd4 Nxd4 10. Nxd4 cxd4 11. Bf4 d5 12. e5 Nc6 13. Re1 Re8 14. Nb5 g5 15. Bd2 Rxe5 16. Rxe5 Nxe5 17. Nxd4 Bg4 18. Qb3 Nc6 19. Nf3 h6 20. Qxb7 Bd7 21. Qb3 g4 22. Nh4 Be6 23. Qa4 Qb6 24. Bc3 Nd4 25. Re1 Rd8 26. Qa5 Nc2 27. Qxb6 axb6 28. Rc1 d4 29. Bd2 d3 30. b3 Rd7 31. Be4 Bb2 32. Rb1 Bg7 33. Nf5 Nd4 34. Nxg7 Kxg7 35. Rd1 f5 36. Bg2 Kf7 37. Bxh6 Bd5 38. Rxd3 Ne2+ 39. Kf1 Bxg2+ 40. Kxe2 Bf1+ 41. Kxf1 Rxd3 42. Be3 b5 43. Ke2 Rd8 44. a4 bxa4 45. bxa4 Ra8 46. f3 Rxa4 47. fxg4 fxg4 48. Kf2 Ke6 49. Kg2 Ra2+ 50. Bf2 Kd5 51. Kg1 Ke4 52. Kg2 Rc2 53. Kg1 Kf3 0-1


[Site "https://www.chess.com"]

[Event "Titled Tuesday Blitz August 1 Early 2023"]
[White "Kobo, Ori"]
[Black "brm72"]
[WhiteFideId "2812320"]
[WhiteElo "2750"]
[BlackElo "2604"]
[Result "1-0"]
[Round "9"]
[TimeControl "180+1"]
[Date "2023.08.01"]
[WhiteClock "0:00:24"]
[BlackClock "0:00:11"]
[Board "43"]

1. c4 c5 2. Nf3 Nc6 3. Nc3 g6 4. e3 Nf6 5. d4 cxd4 6. exd4 d5 7. cxd5 Nxd5 8. Bc4 Nxc3 9. Qb3 Nd5 10. Bxd5 e6 11. Bxc6+ bxc6 12. O-O Qd5 13. Qc3 f6 14. Be3 Kf7 15. Rac1 Bd7 16. b3 Ba3 17. Rc2 Rab8 18. Nd2 Bb4 19. Qb2 h5 20. Nc4 Rhg8 21. a3 Be7 22. b4 g5 23. Na5 g4 24. Qb1 Rg6 25. Rfc1 Rb6 26. Rc5 Bxc5 27. Rxc5 Qd6 28. Nc4 Qf8 29. Nxb6 axb6 30. Rxh5 Qg7 31. Qe4 e5 32. dxe5 fxe5 33. Rxe5 Qf6 34. Qc4+ Kg7 35. Bd4 Kh7 36. Rh5+ 1-0


[Site "https://www.chess.com"]

[Event "Titled Tuesday Blitz August 1 Early 2023"]
[White "Mikhailovsky, Vladimir"]
[Black "Omorjan, Dejan"]
[WhiteFideId "34105414"]
[BlackFideId "955345"]
[WhiteElo "2749"]
[BlackElo "2591"]
[Result "1-0"]
[Round "9"]
[TimeControl "180+1"]
[Date "2023.08.01"]
[WhiteClock "0:00:27"]
[BlackClock "0:00:00"]
[Board "44"]

1. d4 Nf6 2. c4 e6 3. Nc3 Bb4 4. e3 b6 5. Ne2 c5 6. a3 Ba5 7. Bd2 Bb7 8. f3 d5 9. cxd5 exd5 10. g3 O-O 11. Bg2 Nc6 12. Kf2 Re8 13. Re1 Ne7 14. Rb1 c4 15. b4 cxb3 16. Qxb3 Ba6 17. Nf4 Rc8 18. Rbc1 Bc4 19. Qb2 Qd7 20. Bh3 Nf5 21. g4 g5 22. Nfxd5 Nxd5 23. Nxd5 Qxd5 24. gxf5 Bxd2 25. Qxd2 Qd6 26. Kg1 f6 27. Rc3 Bf7 28. Rec1 Rxc3 29. Qxc3 Qd5 30. e4 Qa2 31. Bf1 Rd8 32. Bc4 Bxc4 33. Qxc4+ Qxc4 34. Rxc4 Rd7 35. d5 Kf7 36. Rc6 Ke7 37. Kf2 Rb7 38. Ke3 1-0


[Site "https://www.chess.com"]

[Event "Titled Tuesday Blitz August 1 Early 2023"]
[White "Starozhilov, Leonid"]
[Black "Saya, Ethan"]
[WhiteFideId "14106752"]
[BlackFideId "26095181"]
[WhiteElo "2745"]
[BlackElo "2589"]
[Result "0-1"]
[Round "9"]
[TimeControl "180+1"]
[Date "2023.08.01"]
[WhiteClock "0:00:00"]
[BlackClock "0:00:04"]
[Board "45"]

1. e4 e6 2. d4 d5 3. Nc3 Nf6 4. Bg5 dxe4 5. Nxe4 Be7 6. Nxf6+ Bxf6 7. Bxf6 Qxf6 8. Nf3 c5 9. Bb5+ Bd7 10. Qe2 a6 11. Bxd7+ Nxd7 12. d5 Qxb2 13. O-O Qf6 14. Rad1 O-O 15. dxe6 Nb6 16. exf7+ Rxf7 17. Rfe1 Raf8 18. Qe5 Qxe5 19. Rxe5 Na4 20. h4 h6 21. h5 b5 22. Rd6 Rf6 23. Rd7 R6f7 24. Ree7 Nc3 25. a3 Nb1 26. Ne5 Rxe7 27. Rxe7 Nxa3 28. Ra7 Nxc2 29. Rxa6 b4 30. Nc4 Rb8 31. Rc6 b3 32. Nb2 Rb5 33. g4 Nd4 34. Rc7 Nf3+ 35. Kg2 Nd2 36. f4 c4 37. Kg3 c3 38. Nd3 b2 0-1


[Site "https://www.chess.com"]

[Event "Titled Tuesday Blitz August 1 Early 2023"]
[White "Ozates, Tuna"]
[Black "Zhao, Jun"]
[WhiteFideId "6354521"]
[BlackFideId "8602522"]
[WhiteElo "2617"]
[BlackElo "2722"]
[Result "0-1"]
[Round "9"]
[TimeControl "180+1"]
[Date "2023.08.01"]
[WhiteClock "0:01:08"]
[BlackClock "0:01:24"]
[Board "46"]

1. e4 c5 2. Nf3 d6 3. c3 Nf6 4. Bd3 Nc6 5. Bc2 Bg4 6. d3 e6 7. Nbd2 Be7 8. h3 Bh5 9. Nf1 Nd7 10. Ng3 Bg6 11. O-O O-O 12. d4 cxd4 13. cxd4 Rc8 14. a3 d5 15. Re1 Nf6 16. e5 Bxc2 17. Qxc2 Nxe5 18. Qb3 Nxf3+ 19. Qxf3 Rc4 20. Be3 Qb6 21. b4 Rfc8 22. h4 Rc3 23. h5 h6 24. Ne2 Rc2 25. g4 Ne4 26. Kg2 Qc7 27. Nf4 Bg5 28. Rac1 Qd7 29. Rxc2 Rxc2 30. Nd3 Qb5 31. Ne5 f6 32. Bxg5 Rxf2+ 33. Qxf2 Nxf2 34. Kxf2 hxg5 35. Nf3 Kf7 36. Rc1 Qb6 37. Ke2 Qd6 38. Rc8 Qf4 39. Rd8 Qxg4 40. Rd7+ Kg8 41. Rxb7 Qe4+ 42. Kf2 Qf4 43. Ke2 g4 44. Nd2 g3 0-1


[Site "https://www.chess.com"]

[Event "Titled Tuesday Blitz August 1 Early 2023"]
[White "Kim, Yoon-Young"]
[Black "Hoang, Thi Bao Tram"]
[WhiteFideId "30908779"]
[BlackFideId "12401102"]
[WhiteElo "2717"]
[BlackElo "2584"]
[Result "0-1"]
[Round "9"]
[TimeControl "180+1"]
[Date "2023.08.01"]
[WhiteClock "0:00:03"]
[BlackClock "0:00:02"]
[Board "47"]

1. d4 d5 2. Nf3 Nf6 3. c4 c6 4. Qc2 g6 5. Bf4 dxc4 6. Qxc4 Bf5 7. e3 Bg7 8. Bd3 Qa5+ 9. Nbd2 Nbd7 10. O-O Bxd3 11. Qxd3 O-O 12. b4 Qf5 13. Qb3 Qd5 14. Qc2 Nh5 15. Bg5 e5 16. e4 Qe6 17. dxe5 Nxe5 18. Rac1 f6 19. Be3 Rfd8 20. Nxe5 fxe5 21. Nb3 Nf4 22. Nc5 Qf7 23. Rfd1 Rac8 24. a4 b6 25. Nb3 Rxd1+ 26. Rxd1 Ne6 27. Rd6 Bf8 28. Rxc6 Rxc6 29. Qxc6 Bxb4 30. Qd5 Bc3 31. a5 bxa5 32. Qc4 Bd4 33. Nxa5 Bxe3 34. fxe3 Kg7 35. Qd5 Qf6 36. Nc6 Nc7 37. Qd7+ Qf7 38. Qd6 Ne8 39. Qxe5+ Kg8 40. Ne7+ Kf8 41. Nd5 a5 42. Qh8+ Qg8 43. Qc3 Qe6 44. Qc5+ Kf7 45. Qa7+ Kg8 46. Qxa5 Qxe4 47. Qa2 Kg7 48. Qb2+ Kh6 49. Qd4 Qb1+ 50. Kf2 Qf5+ 51. Kg3 Nd6 52. Qh4+ Kg7 53. Qe7+ Nf7 54. Nf4 h5 55. Ne6+ Kh6 56. Nd4 Qg4+ 57. Kf2 Ng5 58. Qf8+ Kh7 59. Qf4 Ne4+ 60. Kf1 Qd1# 0-1


[Site "https://www.chess.com"]

[Event "Titled Tuesday Blitz August 1 Early 2023"]
[White "Dimitrov, Atanas"]
[Black "Borgaonkar Akshay"]
[WhiteFideId "2901315"]
[BlackFideId "25639110"]
[WhiteElo "2713"]
[BlackElo "2583"]
[Result "1-0"]
[Round "9"]
[TimeControl "180+1"]
[Date "2023.08.01"]
[WhiteClock "0:01:55"]
[BlackClock "0:00:25"]
[Board "48"]

1. Nf3 Nf6 2. c4 g6 3. g3 Bg7 4. Bg2 O-O 5. O-O d6 6. Nc3 e5 7. b3 Nc6 8. Bb2 Bf5 9. d3 e4 10. Nh4 Re8 11. Nxf5 gxf5 12. dxe4 fxe4 13. e3 Qd7 14. Rb1 1-0


[Site "https://www.chess.com"]

[Event "Titled Tuesday Blitz August 1 Early 2023"]
[White "Ahmad, Khagan"]
[Black "nickVet"]
[WhiteFideId "13431552"]
[WhiteElo "2575"]
[BlackElo "2709"]
[Result "1-0"]
[Round "9"]
[TimeControl "180+1"]
[Date "2023.08.01"]
[WhiteClock "0:00:05"]
[BlackClock "0:00:00"]
[Board "49"]

1. c4 c6 2. d4 d5 3. Nf3 Nf6 4. Nc3 e6 5. Bg5 h6 6. Bxf6 Qxf6 7. e3 Nd7 8. a3 Qd8 9. e4 dxe4 10. Nxe4 Nf6 11. Bd3 Nxe4 12. Bxe4 c5 13. dxc5 Bxc5 14. b4 Be7 15. Qxd8+ Kxd8 16. Ne5 Rf8 17. c5 Kc7 18. Rd1 Bf6 19. Nc4 Rb8 20. Nd6 Bd7 21. O-O Bc6 22. Bxc6 bxc6 23. Rd3 a5 24. bxa5 Rb2 25. h3 Ra8 26. Rfd1 Rc2 27. Ne4 Rd8 28. Nxf6 Rxd3 29. Rxd3 gxf6 30. Rd4 Rxc5 31. Ra4 Kb7 32. a6+ Ka7 33. Rh4 h5 34. Rf4 f5 35. Rh4 Kxa6 36. Rxh5 Rd5 37. Rh7 Rd7 38. h4 c5 39. Rh8 Rc7 40. h5 c4 41. Rb8 c3 42. Rb1 Ka5 43. h6 Ka4 44. Kh2 Kxa3 45. Rb8 c2 46. Ra8+ Kb4 47. Rb8+ Ka5 48. h7 c1=Q 49. h8=Q Qf4+ 50. Kh3 Qg4+ 51. Kh2 Qf4+ 52. Kh3 Rc3+ 53. g3 Qg4+ 54. Kh2 Qe2 55. Qxc3+ 1-0


[Site "https://www.chess.com"]

[Event "Titled Tuesday Blitz August 1 Early 2023"]
[White "Postlmayer, Jakob"]
[Black "Zeynalli, Rashad"]
[WhiteFideId "1643622"]
[BlackFideId "13403320"]
[WhiteElo "2561"]
[BlackElo "2705"]
[Result "0-1"]
[Round "9"]
[TimeControl "180+1"]
[Date "2023.08.01"]
[WhiteClock "0:00:25"]
[BlackClock "0:00:17"]
[Board "50"]

1. d4 d5 2. c4 e6 3. Nc3 Be7 4. Nf3 Nf6 5. g3 O-O 6. Bg2 dxc4 7. Ne5 Nc6 8. Bxc6 bxc6 9. Nxc6 Qe8 10. Nxe7+ Qxe7 11. Qa4 c5 12. dxc5 Qxc5 13. Be3 Qc7 14. f3 Bd7 15. Qa3 Nd5 16. Nxd5 exd5 17. Bd4 Rfe8 18. Kf2 a5 19. Qc3 f6 20. h4 Re6 21. Rae1 Rae8 22. Qd2 a4 23. a3 Qc6 24. g4 Qb5 25. Rhg1 Bc8 26. g5 f5 27. h5 Ba6 28. Bc3 Rd8 29. Qd4 Qb6 30. Qxb6 Rxb6 31. Ba5 Rdb8 32. Bxb6 Rxb6 33. Rb1 d4 34. Rgd1 Rd6 35. Rd2 Kf7 36. Rbd1 d3 37. exd3 cxd3 38. Re1 Rd5 39. Kg3 Rc5 40. Kf4 g6 41. hxg6+ hxg6 42. Rh1 Ke6 43. Re1+ Kd6 44. Ke3 Ke5 45. f4+ Kd6 46. Rh1 Rc8 47. Rh6 Re8+ 48. Kf2 Re6 49. Rh3 Kd5 50. Re3 Re4 51. Kf3 Kd4 0-1


[Site "https://www.chess.com"]

[Event "Titled Tuesday Blitz August 1 Early 2023"]
[White "Perez, Maximiliano"]
[Black "Gunina, Valentina"]
[WhiteFideId "117234"]
[BlackFideId "4167570"]
[WhiteElo "2553"]
[BlackElo "2704"]
[Result "1-0"]
[Round "9"]
[TimeControl "180+1"]
[Date "2023.08.01"]
[WhiteClock "0:00:09"]
[BlackClock "0:00:00"]
[Board "51"]

1. e4 c6 2. Nc3 d5 3. Nf3 dxe4 4. Nxe4 Nf6 5. Qe2 Nxe4 6. Qxe4 Nd7 7. Bc4 Nf6 8. Ne5 e6 9. Qe2 b5 10. Bb3 Qc7 11. d4 Bd6 12. a4 c5 13. axb5 cxd4 14. Qf3 Bb7 15. Nc6 O-O 16. Bg5 Nd7 17. Qd3 e5 18. Ne7+ Bxe7 19. Bxe7 Nc5 20. Bxc5 Qxc5 21. O-O e4 22. Qe2 a6 23. bxa6 Bc6 24. Bc4 Kh8 25. b3 f5 26. Qh5 Qb4 27. Rad1 Rad8 28. Qg5 Qd6 29. Ra1 f4 30. a7 h6 31. Qh4 Qg6 32. Ra6 e3 33. f3 Rd6 34. Bd3 Qe6 35. Rxc6 Rxc6 36. Ra1 Rcc8 37. Be4 1-0


[Site "https://www.chess.com"]

[Event "Titled Tuesday Blitz August 1 Early 2023"]
[White "Heinemann, Josefine"]
[Black "Oleksiyenko, Mykhaylo"]
[WhiteFideId "12900460"]
[BlackFideId "4152417"]
[WhiteElo "2546"]
[BlackElo "2703"]
[Result "1/2-1/2"]
[Round "9"]
[TimeControl "180+1"]
[Date "2023.08.01"]
[WhiteClock "0:00:42"]
[BlackClock "0:00:25"]
[Board "52"]

1. e4 c5 2. c3 d5 3. exd5 Qxd5 4. Nf3 Nf6 5. d4 e6 6. Na3 Nc6 7. Be3 cxd4 8. Nb5 Qd7 9. Nbxd4 Be7 10. Nxc6 Qxc6 11. Ne5 Qc7 12. Bb5+ Nd7 13. Nxd7 Bxd7 14. Bxd7+ Qxd7 15. Qxd7+ Kxd7 16. Ke2 Kc6 17. Rhd1 a6 18. Rd2 Rhd8 19. Rad1 b5 20. Rxd8 Rxd8 21. Rxd8 Bxd8 22. Kd3 Kd5 23. b3 Be7 24. c4+ bxc4+ 25. bxc4+ Kc6 26. Ke4 Bd6 27. h3 f5+ 28. Kd3 e5 29. f3 Bc5 30. g4 Bxe3 31. Kxe3 g6 32. Kd3 Kc5 33. Kc3 h5 34. a3 a5 35. gxh5 gxh5 36. h4 e4 37. fxe4 fxe4 38. a4 e3 39. Kd3 e2 40. Kxe2 Kxc4 41. Kd2 Kb4 42. Kd3 Kxa4 43. Kc4 Ka3 44. Kc3 a4 45. Kc2 Kb4 46. Kb2 Kc4 47. Ka3 Kd4 48. Kxa4 Ke4 49. Kb3 Kf4 50. Kc2 Kg4 51. Kd2 Kxh4 52. Ke2 Kg3 53. Kf1 h4 54. Kg1 h3 55. Kh1 h2 1/2-1/2


[Site "https://www.chess.com"]

[Event "Titled Tuesday Blitz August 1 Early 2023"]
[White "Kleiman, Jake"]
[Black "only_strong_moves"]
[WhiteFideId "2020041"]
[WhiteElo "2533"]
[BlackElo "2699"]
[Result "1/2-1/2"]
[Round "9"]
[TimeControl "180+1"]
[Date "2023.08.01"]
[WhiteClock "0:00:11"]
[BlackClock "0:00:07"]
[Board "53"]

1. e4 e6 2. d3 b6 3. Nf3 Bb7 4. g3 f5 5. Bg2 fxe4 6. Ng5 Nf6 7. O-O Be7 8. dxe4 O-O 9. e5 Bxg2 10. exf6 Bxf6 11. Kxg2 Bxg5 12. Bxg5 Qxg5 13. Nc3 d6 14. Qe2 Qf5 15. Rae1 e5 16. f4 Qe6 17. fxe5 Rxf1 18. Rxf1 dxe5 19. Qf3 Nc6 20. Nb5 e4 21. Qf4 Rd8 22. Nxc7 Qe7 23. Re1 g5 24. Qf5 Qxc7 25. Qxg5+ Qg7 26. Qf4 Rf8 27. Qxe4 Nd8 28. c3 Kh8 29. Re2 Nf7 30. a4 Ng5 31. Qe5 Qxe5 32. Rxe5 Nf7 33. Re7 a6 34. Rb7 Kg7 35. Rxb6 Rd8 36. h4 Rd2+ 37. Kh3 a5 38. Rb5 h6 39. b3 Rc2 40. Rxa5 Rxc3 41. Rb5 Nd6 42. Rb6 Nf5 43. Kg2 Rxg3+ 44. Kf2 Rc3 45. h5 Nd4 46. b4 Ra3 47. a5 Nc2 48. a6 Nxb4 49. Rxb4 Rxa6 50. Rf4 Ra5 51. Rh4 Kf6 52. Kg3 Kg5 53. Re4 Ra3+ 54. Kg2 Kxh5 55. Re5+ Kg4 56. Re4+ Kg5 57. Re8 h5 58. Rg8+ Kh4 59. Kh2 Ra2+ 60. Kh1 Rb2 61. Rg7 Kh3 62. Rg8 Rb1+ 63. Rg1 Rb2 64. Re1 h4 65. Kg1 Kg3 66. Re3+ Kf4 67. Rc3 Rb4 68. Kh2 Kg4 69. Rc2 h3 70. Rd2 Kh4 71. Re2 Rf4 72. Rd2 Kg4 73. Re2 Kf3 74. Rb2 Kg4 75. Rc2 Re4 76. Rd2 Kf3 77. Rd3+ Ke2 78. Rxh3 Re3 79. Rxe3+ Kxe3 1/2-1/2


[Site "https://www.chess.com"]

[Event "Titled Tuesday Blitz August 1 Early 2023"]
[White "Schnaider, Ilan"]
[Black "Goltseva, Ekaterina"]
[WhiteFideId "169013"]
[BlackFideId "24173770"]
[WhiteElo "2697"]
[BlackElo "2538"]
[Result "0-1"]
[Round "9"]
[TimeControl "180+1"]
[Date "2023.08.01"]
[WhiteClock "0:00:05"]
[BlackClock "0:00:11"]
[Board "54"]

1. e4 c5 2. Nf3 e6 3. g3 Nc6 4. Bg2 Nf6 5. Qe2 e5 6. O-O Be7 7. c3 O-O 8. Na3 Re8 9. Nc4 d6 10. d3 b5 11. Ne3 Bf8 12. Rd1 Be6 13. d4 exd4 14. cxd4 cxd4 15. Nxd4 Nxd4 16. Rxd4 Qb6 17. Rd1 Rad8 18. b3 d5 19. e5 Ne4 20. Bb2 Bc5 21. Bxe4 dxe4 22. Rac1 a6 23. h4 h5 24. Re1 Rd3 25. Rcd1 Bxe3 26. Rxd3 Bxf2+ 27. Qxf2 Qxf2+ 28. Kxf2 exd3 29. Ke3 Bf5 30. Rf1 g6 31. Rc1 f6 32. Kf4 fxe5+ 33. Bxe5 Rd8 34. Bf6 Rd6 35. Be5 Rd8 36. Rd1 Kf7 37. Bc3 Rc8 38. Rc1 Ke6 39. Re1+ Kd5 40. Re5+ Kd6 41. Bb4+ Kc6 42. Rc5+ Kb7 43. Rd5 Rc2 44. Ke3 Re2+ 45. Kf4 Rxa2 46. g4 hxg4 47. h5 Rf2+ 48. Kg3 Rf3+ 49. Kg2 gxh5 50. Re5 h4 51. Re7+ Kc6 52. Re8 Kd7 53. Re7+ Kc8 54. Re8+ Kd7 55. Re7+ Kc6 56. Re8 Kd5 57. Rd8+ Ke5 58. Re8+ Kf6 59. Rf8+ Kg6 60. Rg8+ Kf7 61. Rf8+ Kg7 62. Rd8 h3+ 63. Kh2 Rf2+ 64. Kg3 Rf3+ 65. Kh4 Be6 66. Kg5 h2 67. Bc3+ Kf7 68. Rh8 Rh3 69. Ra8 h1=Q 70. Ra7+ Ke8 71. Kf6 Qf3+ 72. Kxe6 Rh6+ 73. Bf6 Qxf6+ 74. Kd5 Qc6+ 75. Ke5 Qc5+ 76. Ke4 Qxa7 77. b4 Qe7+ 78. Kd4 Rd6+ 79. Kc3 d2 80. Kb2 d1=Q 81. Ka3 Qe3+ 82. Kb2 Qeb3# 0-1


[Site "https://www.chess.com"]